General information
- name: BNet
- type: Ladder team game (AT/RT)
- host: Battle.net
- saver: n0v4c41n3
map: Cherryville
- players: 8
- length: 56:45
- speed: Fast
- version: 1.25 W3XP
- replay type: Public
» download(357 KB)
Players
team 1 (loser)
Beauty_Is_Pink (
orange | 63 APM | 3577 actions | 56:43)
9 Priestess of the Moon
3 Scout
3 Trueshot Aura
1 Starfall
2 Searing Arrows
4 Keeper of the Grove
1 Entangling Roots
2 Force of Nature
1 Thorns Aura
» actions
| Assign group hotkey | 43 | |
| Basic commands | 236 | |
| Build / train | 128 | |
| Enter build submenu | 27 | |
| Enter hero's abilities submenu | 14 | |
| Give item / drop item | 7 | |
| Remove unit from queue | 2 | |
| Right click | 2265 | |
| Select / deselect | 605 | |
| Select group hotkey | 87 | |
| Use ability | 163 | |
3577 total
» units
| Wisp | 15 | |
| Huntress | 3 | |
| Goblin Shredder | 1 | |
| Hippogryph | 29 | |
| Dryad | 22 | |
| Gargoyle | 7 | |
| Frost Wyrm | 2 | |
79 total
» upgrades
| Ultravision | 1 | |
| Sentinel | 1 | |
| Nature's Blessing | 1 | |
| Abolish Magic | 1 | |
| Reinforced Hides | 2 | |
| Strength of the Wild | 2 | |
8 total
» buildings
| Altar of Elders | 1 | |
| Moon Well | 8 | |
| Hunter's Hall | 1 | |
| Ancient of War | 1 | |
| Ancient Protector | 6 | |
| Ancient of Wonders | 1 | |
| Tree of Ages | 1 | |
| Tree of Life | 2 | |
| Ancient of Lore | 2 | |
| Ancient of Wind | 2 | |
| Tree of Eternity | 1 | |
26 total
» build order
00:09 Altar of Elders
00:12 Moon Well
01:18 Hunter's Hall
01:47 Moon Well
01:54 Ancient of War
02:32 Ancient Protector
02:45 Moon Well
03:41 Ancient of Wonders
04:15 Tree of Ages
05:27 Tree of Life
07:19 Ancient of Lore
07:25 Ancient of Wind
07:30 Ancient of Wind
08:15 Moon Well
08:19 Ancient Protector
09:46 Moon Well
09:55 Moon Well
10:50 Moon Well
11:34 Ancient Protector
13:10 Moon Well
21:16 Tree of Life
21:28 Tree of Eternity
25:21 Ancient of Lore
40:10 Ancient Protector
40:17 Ancient Protector
41:22 Ancient Protector
» items
| Scroll of Town Portal | 9 | |
| Potion of Healing | 5 | |
| Staff of Preservation | 1 | |
| Potion of Lesser Invulnerability | 3 | |
| Scroll of Healing | 3 | |
21 total
UnGaSuR (
pink | 41 APM | 1446 actions | 35:31)
8 Warden
3 Shadow Strike
3 Blink
1 Spirit of Vengeance
1 Fan of Knives
» actions
| Assign group hotkey | 31 | |
| Build / train | 53 | |
| Enter build submenu | 21 | |
| Enter hero's abilities submenu | 8 | |
| Give item / drop item | 1 | |
| Right click | 922 | |
| Select / deselect | 314 | |
| Select group hotkey | 22 | |
| Use ability | 74 | |
1446 total
» units
| Wisp | 21 | |
| Archer | 3 | |
| Hippogryph | 2 | |
| Chimaera | 9 | |
35 total
» upgrades
| Strength of the Wild | 2 | |
| Reinforced Hides | 2 | |
| Corrosive Breath | 1 | |
5 total
» buildings
| Altar of Elders | 1 | |
| Moon Well | 8 | |
| Ancient of War | 1 | |
| Tree of Ages | 1 | |
| Hunter's Hall | 1 | |
| Ancient Protector | 2 | |
| Tree of Eternity | 1 | |
| Ancient of Wind | 1 | |
| Chimaera Roost | 2 | |
| Tree of Life | 1 | |
19 total
» build order
00:19 Altar of Elders
00:34 Moon Well
01:04 Ancient of War
01:57 Moon Well
02:25 Tree of Ages
03:35 Hunter's Hall
04:01 Moon Well
05:26 Ancient Protector
05:35 Tree of Eternity
05:43 Ancient of Wind
07:39 Moon Well
08:03 Chimaera Roost
08:05 Chimaera Roost
09:09 Moon Well
09:26 Ancient Protector
09:47 Moon Well
11:53 Moon Well
13:14 Moon Well
16:40 Tree of Life
» items
ViRioN.Ace (
blue | 77 APM | 4361 actions | 56:21)
6 Death Knight
3 Death Coil
2 Unholy Aura
1 Animate Dead
4 Lich
2 Frost Nova
2 Frost Armor
» actions
| Assign group hotkey | 40 | |
| Basic commands | 165 | |
| Build / train | 88 | |
| Enter build submenu | 32 | |
| Enter hero's abilities submenu | 10 | |
| Give item / drop item | 4 | |
| Remove unit from queue | 1 | |
| Right click | 2056 | |
| Select / deselect | 725 | |
| Select group hotkey | 1102 | |
| Use ability | 138 | |
4361 total
» units
| Acolyte | 12 | |
| Ghoul | 2 | |
| Crypt Fiend | 10 | |
| Obsidian Statue | 2 | |
| Frost Wyrm | 13 | |
| Gargoyle | 2 | |
41 total
» upgrades
| Web | 1 | |
| Burrow | 1 | |
| Creature Attack | 3 | |
| Freezing Breath | 1 | |
| Creature Carapace | 1 | |
7 total
» buildings
| Graveyard | 1 | |
| Crypt | 1 | |
| Ziggurat | 9 | |
| Altar of Darkness | 2 | |
| Tomb of Relics | 2 | |
| Nerubian Tower | 1 | |
| Halls of the Dead | 1 | |
| Spirit Tower | 3 | |
| Slaughterhouse | 1 | |
| Necropolis | 2 | |
| Black Citadel | 1 | |
| Sacrificial Pit | 1 | |
| Boneyard | 4 | |
29 total
» build order
00:11 Graveyard
00:21 Crypt
00:49 Ziggurat
01:00 Altar of Darkness
01:37 Tomb of Relics
02:42 Ziggurat
03:06 Ziggurat
03:58 Nerubian Tower
04:21 Ziggurat
05:28 Halls of the Dead
06:50 Spirit Tower
08:09 Slaughterhouse
08:13 Ziggurat
09:34 Necropolis
12:58 Black Citadel
15:23 Sacrificial Pit
16:29 Boneyard
16:35 Boneyard
17:41 Boneyard
18:08 Boneyard
18:12 Ziggurat
18:23 Ziggurat
18:32 Ziggurat
19:36 Necropolis
22:21 Spirit Tower
22:23 Spirit Tower
30:28 Altar of Darkness
30:32 Tomb of Relics
30:38 Ziggurat
» items
| Rod of Necromancy | 2 | |
| Dust of Appearance | 1 | |
| Scroll of Town Portal | 12 | |
| Potion of Lesser Invulnerability | 1 | |
| Orb of Corruption | 1 | |
| Potion of Healing | 1 | |
18 total
Idkanoke (
teal | 30 APM | 906 actions | 29:59)
6 Crypt Lord
3 Impale
2 Spiked Carapace
1 Locust Swarm
» actions
| Assign group hotkey | 1 | |
| Basic commands | 23 | |
| Build / train | 56 | |
| Enter build submenu | 22 | |
| Enter hero's abilities submenu | 6 | |
| Remove unit from queue | 2 | |
| Right click | 306 | |
| Select / deselect | 340 | |
| Select group hotkey | 100 | |
| Use ability | 50 | |
906 total
» units
| Acolyte | 3 | |
| Ghoul | 19 | |
| Crypt Fiend | 1 | |
| Gargoyle | 5 | |
28 total
» upgrades
| Cannibalize | 1 | |
| Unholy Strength | 3 | |
| Unholy Armor | 4 | |
| Ghoul Frenzy | 1 | |
| Creature Attack | 3 | |
| Creature Carapace | 3 | |
| Freezing Breath | 1 | |
| Stone Form | 1 | |
17 total
» buildings
| Altar of Darkness | 1 | |
| Ziggurat | 9 | |
| Crypt | 4 | |
| Graveyard | 1 | |
| Halls of the Dead | 1 | |
| Black Citadel | 1 | |
| Sacrificial Pit | 1 | |
| Boneyard | 1 | |
19 total
» build order
00:20 Altar of Darkness
00:28 Ziggurat
00:44 Crypt
01:07 Ziggurat
01:58 Crypt
02:38 Graveyard
03:58 Halls of the Dead
07:19 Ziggurat
07:21 Ziggurat
07:46 Black Citadel
09:54 Ziggurat
09:55 Ziggurat
10:02 Crypt
10:05 Crypt
12:15 Ziggurat
12:18 Ziggurat
12:19 Ziggurat
12:39 Sacrificial Pit
18:45 Boneyard
team 2 (winner)
n0v4c41n3 (
red | 113 APM | 6398 actions | 56:45)
9 Mountain King
3 Storm Bolt
3 Bash
1 Avatar
2 Thunder Clap
9 Paladin
3 Holy Light
3 Devotion Aura
1 Resurrection
2 Divine Shield
8 Blood Mage
3 Banish
3 Flame Strike
1 Summon Phoenix
1 Siphon Mana
3 Tauren Chieftain
1 Endurance Aura
1 Reincarnation
1 War Stomp
3 Demon Hunter
1 Evasion
1 Mana Burn
1 Metamorphosis
» actions
| Assign group hotkey | 100 | |
| Basic commands | 9 | |
| Build / train | 210 | |
| ESC pressed | 12 | |
| Enter build submenu | 71 | |
| Enter hero's abilities submenu | 32 | |
| Give item / drop item | 13 | |
| Remove unit from queue | 2 | |
| Right click | 1810 | |
| Select / deselect | 1867 | |
| Select group hotkey | 1844 | |
| Use ability | 427 | |
6398 total
» units
| Peasant | 39 | |
| Footman | 4 | |
| Gryphon Rider | 8 | |
| Dragonhawk Rider | 14 | |
| Flying Machine | 18 | |
| Wisp | 13 | |
| Chimaera | 2 | |
| Dryad | 7 | |
| Tauren | 2 | |
107 total
» upgrades
| Defend | 1 | |
| Masonry | 3 | |
| Lumber Harvesting | 2 | |
| Swords | 3 | |
| Armor | 3 | |
| Animal War Training | 1 | |
| Storm Hammers | 1 | |
| Cloud | 1 | |
| Flak Cannons | 1 | |
| Gunpowder | 1 | |
| Flying Machine Bombs | 2 | |
19 total
» buildings
| Altar of Kings | 1 | |
| Barracks | 1 | |
| Farm | 17 | |
| Town Hall | 7 | |
| Lumber Mill | 1 | |
| Scout Tower | 9 | |
| Keep | 1 | |
| Arcane Tower | 3 | |
| Guard Tower | 7 | |
| Blacksmith | 1 | |
| Arcane Vault | 1 | |
| Castle | 1 | |
| Gryphon Aviary | 3 | |
| Workshop | 3 | |
| Orc Burrow | 4 | |
| Ancient of Lore | 4 | |
| Tree of Ages | 1 | |
| Moon Well | 2 | |
| Tree of Life | 1 | |
68 total
» build order
00:06 Altar of Kings
00:19 Barracks
00:35 Farm
00:49 Farm
01:53 Farm
03:05 Town Hall
04:01 Lumber Mill
04:22 Scout Tower
04:22 Scout Tower
04:33 Keep
04:40 Scout Tower
04:54 Arcane Tower
05:07 Guard Tower
05:12 Scout Tower
05:27 Blacksmith
05:28 Guard Tower
05:43 Guard Tower
05:56 Farm
05:56 Farm
06:18 Arcane Vault
06:21 Farm
06:45 Town Hall
06:47 Scout Tower
06:49 Scout Tower
06:52 Scout Tower
07:25 Farm
07:26 Farm
07:35 Castle
07:42 Guard Tower
07:42 Guard Tower
07:43 Arcane Tower
08:56 Arcane Tower
09:11 Gryphon Aviary
09:12 Gryphon Aviary
09:16 Gryphon Aviary
13:43 Farm
13:45 Farm
13:47 Farm
14:21 Farm
14:36 Farm
14:37 Farm
16:11 Town Hall
17:34 Scout Tower
17:34 Scout Tower
18:07 Guard Tower
18:07 Guard Tower
20:34 Workshop
20:35 Workshop
22:08 Workshop
22:34 Farm
23:43 Farm
23:43 Farm
27:35 Town Hall
28:57 Town Hall
34:19 Orc Burrow
34:19 Orc Burrow
34:20 Orc Burrow
34:21 Orc Burrow
35:07 Town Hall
39:09 Ancient of Lore
39:10 Ancient of Lore
44:10 Tree of Ages
47:40 Ancient of Lore
48:47 Ancient of Lore
48:49 Moon Well
48:49 Moon Well
51:14 Tree of Life
52:10 Town Hall
» items
| Lesser Clarity Potion | 7 | |
| Scroll of Regeneration | 5 | |
| Scroll of Town Portal | 10 | |
| Staff of Sanctuary | 3 | |
| Potion of Lesser Invulnerability | 1 | |
| Scroll of Healing | 1 | |
| Potion of Healing | 1 | |
| Orb of Fire | 2 | |
30 total
Sex_Bob_Omb (
green | 43 APM | 1313 actions | 30:32)
6 Dreadlord
2 Carrion Swarm
3 Vampiric Aura
1 Inferno
1 Tauren Chieftain
1 War Stomp
» actions
| Assign group hotkey | 21 | |
| Basic commands | 36 | |
| Build / train | 55 | |
| Enter build submenu | 17 | |
| Enter hero's abilities submenu | 7 | |
| Give item / drop item | 3 | |
| Remove unit from queue | 10 | |
| Right click | 754 | |
| Select / deselect | 258 | |
| Select group hotkey | 59 | |
| Use ability | 93 | |
1313 total
» units
| Acolyte | 3 | |
| Ghoul | 9 | |
| Obsidian Statue | 2 | |
| Abomination | 4 | |
| Crypt Fiend | -2 | |
16 total
» upgrades
| Unholy Strength | 3 | |
| Unholy Armor | 3 | |
| Disease Cloud | 1 | |
| Web | 1 | |
8 total
» buildings
| Ziggurat | 9 | |
| Altar of Darkness | 1 | |
| Crypt | 1 | |
| Graveyard | 2 | |
| Tomb of Relics | 1 | |
| Nerubian Tower | 2 | |
| Halls of the Dead | 2 | |
| Black Citadel | 1 | |
| Slaughterhouse | 2 | |
| Necropolis | 1 | |
| Orc Burrow | 1 | |
23 total
» build order
00:08 Ziggurat
00:11 Altar of Darkness
00:33 Crypt
01:00 Graveyard
01:13 Tomb of Relics
01:24 Nerubian Tower
01:24 Nerubian Tower
02:06 Ziggurat
03:01 Halls of the Dead
06:14 Black Citadel
06:18 Slaughterhouse
06:20 Slaughterhouse
07:19 Ziggurat
07:21 Ziggurat
16:53 Ziggurat
16:54 Ziggurat
16:55 Ziggurat
16:56 Ziggurat
16:57 Ziggurat
19:38 Necropolis
21:09 Graveyard
22:25 Halls of the Dead
27:47 Orc Burrow
» items
| Rod of Necromancy | 1 | |
| Healing Salve | 1 | |
| Scroll of Town Portal | 4 | |
| Orb of Corruption | 1 | |
7 total
D4rk1ch1g0 (
purple | 41 APM | 1224 actions | 29:54)
3 Demon Hunter
2 Mana Burn
1 Evasion
» actions
| Assign group hotkey | 31 | |
| Basic commands | 54 | |
| Build / train | 92 | |
| Enter build submenu | 28 | |
| Enter hero's abilities submenu | 3 | |
| Remove unit from queue | 10 | |
| Right click | 390 | |
| Select / deselect | 479 | |
| Select group hotkey | 86 | |
| Use ability | 51 | |
1224 total
» units
| Wisp | 28 | |
| Archer | 13 | |
| Huntress | 7 | |
| Glaive Thrower | 3 | |
| Dryad | 4 | |
| Druid of the Claw | 1 | |
| Mountain Giant | 1 | |
| Chimaera | 8 | |
65 total
» upgrades
| Strength of the Moon | 2 | |
| Moon Armor | 2 | |
| Vorpal Blades | 1 | |
| Improved Bows | 1 | |
| Sentinel | 1 | |
| Upgrade Moon Glaive | 1 | |
| Strength of the Wild | 1 | |
| Well Spring | 1 | |
| Corrosive Breath | 1 | |
11 total
» buildings
| Altar of Elders | 1 | |
| Moon Well | 8 | |
| Ancient of War | 2 | |
| Hunter's Hall | 1 | |
| Tree of Ages | 1 | |
| Ancient Protector | 1 | |
| Ancient of Lore | 1 | |
| Tree of Life | 2 | |
| Tree of Eternity | 1 | |
| Ancient of Wonders | 1 | |
| Ancient of Wind | 1 | |
| Chimaera Roost | 3 | |
23 total
» build order
00:08 Altar of Elders
00:13 Moon Well
00:58 Ancient of War
01:54 Moon Well
02:47 Hunter's Hall
03:45 Moon Well
04:49 Ancient of War
07:16 Tree of Ages
11:09 Ancient Protector
11:19 Moon Well
12:23 Ancient of Lore
13:14 Moon Well
14:57 Tree of Life
15:07 Tree of Eternity
16:23 Ancient of Wonders
19:10 Ancient of Wind
20:24 Chimaera Roost
23:47 Tree of Life
24:20 Chimaera Roost
25:46 Moon Well
26:41 Moon Well
26:42 Moon Well
28:42 Chimaera Roost
shmonder (
yellow | 23 APM | 610 actions | 27:06)
3 Tauren Chieftain
1 War Stomp
2 Endurance Aura
» actions
| Assign group hotkey | 1 | |
| Build / train | 63 | |
| Enter build submenu | 22 | |
| Enter hero's abilities submenu | 3 | |
| Remove unit from queue | 1 | |
| Right click | 249 | |
| Select / deselect | 214 | |
| Select group hotkey | 4 | |
| Use ability | 53 | |
610 total
» units
| Peon | 11 | |
| Shaman | 10 | |
| Troll Witch Doctor | 9 | |
| Tauren | 5 | |
| Raider | 2 | |
37 total
» upgrades
| Armor | 2 | |
| Melee Weapons | 2 | |
| Shaman Training | 2 | |
| Witch Doctor Training | 2 | |
| Reinforced Defenses | 1 | |
| Pulverize | 1 | |
| Ensnare | 1 | |
11 total
» buildings
| Altar of Storms | 1 | |
| Voodoo Lounge | 1 | |
| Orc Burrow | 8 | |
| Stronghold | 1 | |
| War Mill | 1 | |
| Spirit Lodge | 2 | |
| Fortress | 1 | |
| Tauren Totem | 2 | |
| Beastiary | 1 | |
| Great Hall | 1 | |
19 total
» build order
01:01 Altar of Storms
01:25 Voodoo Lounge
01:50 Orc Burrow
02:12 Orc Burrow
02:32 Orc Burrow
03:07 Orc Burrow
03:54 Stronghold
05:50 War Mill
06:48 Spirit Lodge
06:50 Fortress
06:54 Spirit Lodge
07:05 Orc Burrow
07:09 Orc Burrow
08:21 Orc Burrow
08:27 Orc Burrow
09:27 Tauren Totem
09:35 Tauren Totem
22:08 Beastiary
24:40 Great Hall
» items
| Healing Salve | 1 | |
| Scroll of Town Portal | 5 | |
| Orb of Lightning | 1 | |
| Potion of Healing | 1 | |
8 total
Chat log
(00:13 / Allies) Sex_Bob_Omb: hi
(00:18 / Allies) D4rk1ch1g0: hi
(00:27 / Allies) Sex_Bob_Omb: abos obs dl
(01:41 / Allies) n0v4c41n3: orc burrow...?
(06:39 / Allies) D4rk1ch1g0: ty dude
(10:42 / Allies) Sex_Bob_Omb: nvm
(12:02 / Allies) Sex_Bob_Omb: go
(13:40 / Allies) n0v4c41n3: tp?
(14:04 / Allies) n0v4c41n3: purple idiot
(14:14 / Allies) n0v4c41n3: yellow copme
(14:59 / Allies) n0v4c41n3: buy new tp
(15:00 / Allies) n0v4c41n3: yello
(16:18 / Allies) Sex_Bob_Omb: gogo
(17:24 / Allies) n0v4c41n3: make bats
(17:48 / Allies) Sex_Bob_Omb: b
(17:49 / Allies) shmonder: агслштп фшк
(17:58 / Allies) shmonder: facking air
(18:08 / Allies) shmonder: orc sux in air
(18:24 / Allies) Sex_Bob_Omb: lol
(18:26 / Allies) Sex_Bob_Omb: mass feed
(21:56 / Allies) Sex_Bob_Omb: go all
(22:02 / Allies) D4rk1ch1g0: k
(22:09 / Allies) D4rk1ch1g0: let me make some chimeras
(22:23 / Allies) Sex_Bob_Omb: dnt have time
(24:54 / Allies) Sex_Bob_Omb: red
(24:59 / Allies) n0v4c41n3: wood
(24:59 / Allies) n0v4c41n3: pls
(25:57 / Allies) Sex_Bob_Omb: purp go an atk PPPPLLLLLSS
(26:35 / Allies) Sex_Bob_Omb: an pls stock together ylw cant beat air
(26:38 / Allies) Sex_Bob_Omb: stickÜ
(26:49 / Allies) Sex_Bob_Omb: b
(26:49 / Allies) Sex_Bob_Omb: b
(26:50 / Allies) Sex_Bob_Omb: b
(26:50 / Allies) Sex_Bob_Omb: b
(26:50 / Allies) Sex_Bob_Omb: b
(26:51 / Allies) Sex_Bob_Omb: b
(26:51 / Allies) Sex_Bob_Omb: bb
(26:51 / Allies) Sex_Bob_Omb: b
(29:50 / All) D4rk1ch1g0: gg
(29:59 / All) Sex_Bob_Omb: g
(30:00 / All) Sex_Bob_Omb: g
(30:44 / All) ViRioN.Ace: Red very nice
(31:00 / All) ViRioN.Ace: ure were best
(31:00 / All) Beauty_Is_Pink: my team idiots
(31:05 / All) ViRioN.Ace: in this game
(31:10 / All) n0v4c41n3: y tt
(31:24 / All) ViRioN.Ace: u in some clan ?
(38:29 / All) Beauty_Is_Pink: gg red
(38:33 / All) n0v4c41n3: gg
(38:41 / All) Beauty_Is_Pink: such fucking retarded team
(38:44 / All) n0v4c41n3: jep
(38:45 / All) n0v4c41n3: same
(38:49 / All) ViRioN.Ace: and orange most retaretd
(39:09 / All) Beauty_Is_Pink: seriously dude i cant believe the level of retardation
(39:15 / All) Beauty_Is_Pink: wish you were in my team
(39:23 / All) Beauty_Is_Pink: :)
(39:28 / All) ViRioN.Ace: i cant understand that someone dsnt know hwo to use a tps
(39:30 / All) n0v4c41n3: leave = ty
(39:36 / All) ViRioN.Ace: did u saw his potm had 2 tp's ?
(39:45 / All) ViRioN.Ace: and he didnt used t ..
(39:51 / All) n0v4c41n3: :)
(42:35 / All) n0v4c41n3: blue many gold?
(42:43 / All) ViRioN.Ace: 5000 ...
(56:15 / All) ViRioN.Ace: Gg
(56:39 / All) Beauty_Is_Pink: gg red
(56:41 / All) n0v4c41n3: gg